 Dungeon Crawl Stone Soup version 0.28.0-53-g5a82cb258f (webtiles) character file.

Game seed: 1581871624612941067

146 pkoi the Stinger (level 4, 0/33 HPs)
             Began as a Demigod Venom Mage on May 31, 2022.
             Constricted to death by a ball python (1 damage)
             ... on level 3 of the Dungeon.
             The game lasted 00:05:14 (6996 turns).

pkoi the Stinger (Demigod Venom Mage)               Turns: 6996, Time: 00:05:15

Health: 0/33       AC:  3    Str:  9    XL:     4   Next: 79%
Magic:  9/9        EV:  9    Int: 21    God:
Gold:   170        SH:  0    Dex: 14    Spells: 3/6 levels left

rFire   . . .      SeeInvis .   o - +0 dagger (vamp)
rCold   + . .      Faith    .   (no shield)
rNeg    . . .      Spirit   .   h - +0 robe "Lopumoa" {rC+}
rPois   .          Reflect  .   l - +0 helmet
rElec   .          Harm     .   (no cloak)
rCorr   .          Rampage  .   (no gloves)
Will    .....                   (no boots)
Stlth   ++........              (no amulet)
HPRegen 0.11/turn               (no ring)
MPRegen 0.11/turn               (no ring)

@: slowed, constricted, very slow
A: high MP 1, forlorn, divine attributes
a: no special abilities


You were on level 3 of the Dungeon.
You visited 1 branch of the dungeon, and saw 4 of its levels.

You collected 170 gold pieces.

Inventory:

Hand Weapons
 d - a +0 dagger
 o - a +0 vampiric dagger (weapon)
Missiles
 m - 5 poisoned darts
Armour
 a - a +0 robe
 h - the +0 robe "Lopumoa" (worn) {rC+}
   (You found it on level 4 of the Dungeon)

   rC:        It protects you from cold.
 l - a +0 helmet (worn)
Wands
 b - a wand of polymorph (7)
Scrolls
 f - a scroll of magic mapping
 k - 2 scrolls of identify
Potions
 c - a potion of resistance {unknown}
 e - 2 potions of mutation {unknown}
 g - a potion of berserk rage
 i - a potion of flight
 j - 2 potions of curing
 n - 2 potions of heal wounds {unknown}


   Skills:
 - Level 1.7 Dodging
 - Level 1.7 Stealth
 + Level 1.1 Unarmed Combat
 - Level 1.7 Spellcasting
 + Level 1.4 Transmutations
 + Level 2.0 Air Magic
 + Level 4.3 Poison Magic


You had 3 spell levels left.
You knew the following spells:

 Your Spells              Type           Power      Damage    Failure   Level
a - Sting                 Tmut/Pois      52%        1d5       4%          1
b - Poisonous Vapours     Pois/Air       30%        N/A       6%          2

Your spell library contained the following spells:

 Spells                   Type           Power      Damage    Failure   Level
 Mephitic Cloud           Conj/Pois/Air  10%        N/A       19%         3
 Olgreb's Toxic Radiance  Pois           20%        N/A       26%         4
 Spellforged Servitor     Conj/Summ      0%         N/A       100%        7
 Lehudib's Crystal Spear  Conj/Erth      0%         10d2      100%        8


Dungeon Overview and Level Annotations

Branches:
Dungeon (4/15)
 Temple: D:4-7


Innate Abilities, Weirdness & Mutations

You have an increased reservoir of magic. (+10% MP)
You shall have no god before yourself.
Your divine heritage dramatically boosts your attributes as you level up.


Message History

You feel sick.
You are no longer poisoned.
The adder skeleton misses you. The ball python closely misses you. x2
The kobold brigand hits you with a +0 dagger.
* * * LOW HITPOINT WARNING * * *
There is a stone staircase leading up, spattered with blood here.
The ball python barely misses you. The ball python grabs you.
You stop ascending the stairs.
The ball python constricts you.
The kobold brigand hits you with a +0 dagger.
* * * LOW HITPOINT WARNING * * *
The ball python barely misses you. The ball python constricts you.
* * * LOW HITPOINT WARNING * * *
Unknown command.
Unknown command.
Unknown command.
Unknown command.
You escape the ball python's grasp.
The kobold brigand closely misses you.
The adder skeleton bites you but does no damage.
The ball python misses you. The ball python closely misses you.
The kobold brigand misses you. The adder skeleton bites you.
* * * LOW HITPOINT WARNING * * *
You climb upwards.
There is a stone staircase leading down here.
Unknown command.
Unknown command.
The ball python bites you.
* * * LOW HITPOINT WARNING * * *
The ball python grabs you. The ball python constricts you.
* * * LOW HITPOINT WARNING * * *
You escape the ball python's grasp.
The kobold brigand hits you with a +0 dagger.
* * * LOW HITPOINT WARNING * * *
As you read the scroll labelled PELUM RYHUOM, it crumbles to dust.
Your body is wracked with pain!
* * * LOW HITPOINT WARNING * * *
The kobold brigand convulses!
It was a scroll of torment.
The ball python bites you.
* * * LOW HITPOINT WARNING * * *
The ball python grabs you. The ball python constricts you.
You die...

...#........######+### #.#
...#.........#.....##### #.#
...#.........#.........###.#
...#.......................#
.......#####.#.........#####
###.#'#.# ###.........#
.##.#.#.######.........#
.##.#.#..........S.....#
................@K>#####
.##.#.#.######.###..#
.................##.#
.##.#.#.######.#..#.#
......#.######.##.#.#
###.#..........##.#.##
#.#..........##....#
###.###.......####.#.# ..).#
##.######......##


You could see a kobold brigand and a ball python.

Vanquished Creatures
  An orc priest (D:4)
  4 adders
  3 dart slugs
  An orc (D:4)
  7 endoplasms
  A giant cockroach (D:3)
  9 goblins
  9 hobgoblins
  3 quokkas
  8 ball pythons
  8 bats
  7 frilled lizards
  5 kobolds
  4 rats
70 creatures vanquished.

Notes
Turn   | Place    | Note
-------+----------+-------------------------------------------
     0 | D:1      | pkoi the Demigod Venom Mage began the quest for the Orb.
     0 | D:1      | Reached XP level 1. HP: 14/14 MP: 5/5
   244 | D:1      | Reached skill level 3 in Poison Magic
   631 | D:1      | Reached XP level 2. HP: 14/20 MP: 1/7
  1140 | D:1      | Learned a level 2 spell: Poisonous Vapours
  2344 | D:1      | Reached XP level 3. HP: 9/26 MP: 2/8
  2804 | D:2      | Reached skill level 1 in Air Magic
  3183 | D:2      | Reached skill level 4 in Poison Magic
  5443 | D:3      | Reached XP level 4. HP: 33/33 MP: 1/9
  5444 | D:3      | Reached skill level 1 in Transmutations
  6327 | D:4      | Identified the +4 scale mail of Laschoun {*Corrode rPois
                  | Int-2 Dex+10}
  6339 | D:4      | Identified the +0 robe "Lopumoa" {rC+}
  6696 | D:4      | Got Sif Muna's Grimoire of Supportive Earth
  6778 | D:4      | Reached skill level 1 in Unarmed Combat
  6980 | D:4      | Noticed a kobold brigand
  6996 | D:3      | HP: 1/33 [ball python (3)]
  6996 | D:3      | Constricted to death by a ball python

Illustrated notes

Levels and vault maps discovered:
D:1:      dpeg_arrival_windows_large_door, layout_loops_corners
D:2:      layout_loops_ring
D:3:      layout_basic, chequers_temple_overflow_statue_of_worship,
          basic_ecumenical_altar, minmay_misc_feat_nine_boxes
D:4:      layout_basic, minmay_temple_entry_stoned_glass,
          nicolae_concentric_dashed_squares_mild, corexii_checkpoint_a

Skill      XL: |  1  2  3  4 |
---------------+-------------+-----
Poison Magic   | 3 4 |  4.3
Air Magic      | 1 2 |  2.0
Transmutations | 1 |  1.4
Unarmed Combat | 1 |  1.1
Dodging        | |  1.7
Stealth        | |  1.7
Spellcasting   | |  1.7

Action                   |  1- 3 |  4- 6 || total
-------------------------+-------+-------++-------
Melee: Dagger            |    11 |     6 ||    17
       Unarmed           |     1 |       ||     1
       Punch             |       |     1 ||     1
 Cast: Sting             |   103 |    28 ||   131
       Poisonous Vapours |    19 |     5 ||    24
  Use: Scroll            |     6 |     2 ||     8
       Potion            |       |     2 ||     2
Armor: Robe              |    14 |     3 ||    17
Dodge: Dodged            |    37 |    20 ||    57
